Map: Bel'Shir Vestige LE (Void)

Players

TRUE

  • Race: Zerg Zerg
  • Spawn Location: 11:00

Cham - Winner!

  • Race: Zerg Zerg
  • Spawn Location: 5:00

Event: WCS Austin 2017

VOD

Have the link to the VOD?

Description

Time

  • Played on: April 29, 2017, 7:57 p.m.
  • Length: 7:42

All games in this series

Show
View Real Time Build Order
Export as new Build Order

TRUE Zerg 

Build Orders: Pool First 

Get SALT Encoding   

  12  0:00  Drone  
  13  0:12  Overlord  
  13  0:16  Drone  
  14  0:30  Drone x2  
  14  0:34  Drone  
  17  0:43  Spawning Pool  
  17  0:45  Extractor  
  17  0:49  Drone  
  16  0:56  Drone  
  17  1:15  Hatchery  
  17  1:18  Drone  
  17  1:29  Queen  
  19  1:34  Drone  
  19  1:38  Drone  
  21  1:46  Metabolic Boost  
  21  1:52  Overlord  
  21  1:56  Drone  
  22  2:10  Drone  
  22  2:11  Drone  
  22  2:12  Queen  
  26  2:32  Hatchery  
  25  2:42  Baneling Nest  
  25  2:43  Zergling x2  
  25  2:44  Drone  
  26  2:45  Drone  
  27  2:52  Zergling x2  
  27  2:53  Zergling x2  
  27  2:55  Drone  
  27  2:56  Drone  
  31  3:00  Drone  
  32  3:08  Overlord  
  32  3:10  Zergling x2  
  32  3:11  Zergling x2  
  34  3:14  Zergling x2  
  34  3:18  Overlord  
  32  3:37  Zergling x2  
  32  3:38  Drone x5  
  32  3:39  Drone  
  39  3:44  Drone  
  39  3:45  Drone, Roach Warren  
  39  3:48  Zergling x2  
  41  3:50  Zergling x2  
  41  3:52  Zergling x2  
  41  3:55  Zergling x2  
  44  3:56  Baneling  
  44  3:57  Baneling  
  44  3:59  Zergling x2  
  44  4:01  Zergling x2  
  46  4:03  Zergling x2  
  46  4:07  Zergling x2  
  46  4:08  Zergling x2  
  48  4:14  Lair  
  48  4:19  Evolution Chamber  
  46  4:36  Hatchery  
  44  4:43  Overlord  
  44  4:48  Zerg Missile Weapons Level 1  
  43  4:57  Overlord  
  43  5:01  Queen  
  43  5:02  Drone  
  43  5:05  Roach x2  
  43  5:06  Overlord  
  50  5:07  Overlord, Extractor  
  50  5:08  Roach  
  50  5:09  Overlord  
  50  5:12  Overlord  
  51  5:16  Extractor  
  50  5:24  Glial Reconstitution  
  50  5:25  Drone  
  50  5:26  Drone x4  
  50  5:27  Drone  
  55  5:29  Drone  
  55  5:32  Drone  
  55  5:35  Drone  
  58  5:36  Drone x2  
  58  5:40  Drone  
  58  5:41  Unknown  
  61  5:49  Overlord  
  61  5:54  Roach x3  
  61  5:56  Roach  
  69  5:59  Drone x2  
  69  6:02  Roach  
  73  6:10  Drone  
  73  6:11  Roach x3  
  80  6:13  Roach  
  80  6:16  Roach  
  84  6:19  Roach  
  84  6:20  Roach  
  84  6:24  Roach  
  90  6:26  Overlord  
  90  6:29  Roach  
  90  6:31  Roach  
  94  6:33  Roach  
  94  6:34  Roach  
  94  6:37  Roach  
  94  6:39  Roach  
  92  6:41  Roach  
  92  6:43  Roach  
  92  6:45  Roach  
  85  6:48  Roach  
  85  6:50  Roach  
  85  6:53  Roach  
  80  6:57  Roach  
  80  7:00  Roach  
  74  7:02  Roach  
  74  7:05  Roach  
  70  7:09  Roach  
  63  7:16  Roach  
  63  7:18  Roach  
  59  7:24  Zergling x8  
Show
View Real Time Build Order
Export as new Build Order

Cham Zerg - Winner!

Build Orders: Hatch First 

Get SALT Encoding   

  12  0:00  Drone  
  13  0:08  Drone  
  14  0:16  Overlord  
  14  0:35  Drone x3  
  17  0:53  Hatchery  
  16  1:04  Drone x2  
  16  1:06  Extractor  
  16  1:09  Drone  
  18  1:21  Spawning Pool  
  18  1:23  Drone  
  18  1:29  Drone  
  19  1:39  Drone  
  20  1:49  Overlord  
  20  2:09  Queen x2, Metabolic Boost  
  20  2:11  Zergling x4  
  20  2:13  Zergling x2  
  27  2:16  Drone  
  28  2:23  Overlord  
  28  2:27  Drone  
  29  2:33  Drone  
  30  2:40  Drone  
  32  2:44  Drone  
  32  2:45  Queen  
  34  2:51  Evolution Chamber  
  34  2:53  Drone  
  34  2:57  Drone  
  34  2:58  Roach Warren  
  34  3:04  Overlord  
  34  3:14  Zergling x4  
  34  3:18  Zergling x10  
  41  3:21  Drone  
  42  3:33  Drone x2  
  43  3:37  Drone  
  43  3:40  Drone  
  45  3:46  Drone  
  45  3:47  Lair  
  46  3:51  Extractor  
  46  3:52  Extractor  
  46  3:53  Overlord  
  46  3:54  Drone x2  
  46  3:57  Drone  
  46  4:00  Drone  
  48  4:04  Drone  
  48  4:08  Drone  
  49  4:11  Drone x2  
  51  4:17  Overlord  
  51  4:18  Drone  
  51  4:23  Drone  
  53  4:26  Drone x2  
  53  4:27  Overlord  
  53  4:29  Zerg Missile Weapons Level 1  
  55  4:35  Roach x2  
  59  4:41  Roach x2  
  59  4:43  Overlord  
  59  4:45  Roach x2  
  63  4:57  Roach x2  
  63  4:58  Glial Reconstitution  
  67  5:02  Drone x3  
  67  5:06  Roach  
  67  5:07  Roach  
  72  5:12  Roach x2  
  72  5:14  Overlord  
  73  5:23  Hatchery  
  73  5:28  Overseer  
  72  5:31  Roach x3  
  72  5:34  Roach  
  80  5:37  Roach  
  80  5:39  Overlord  
  82  5:43  Roach x2  
  82  5:46  Roach  
  82  5:48  Roach  
  90  5:51  Overlord  
  90  5:55  Roach  
  92  5:59  Overlord  
  92  6:01  Roach  
  92  6:03  Roach  
  96  6:05  Roach  
  96  6:07  Roach  
  96  6:10  Overlord  
  100  6:12  Roach  
  100  6:16  Roach  
  104  6:21  Roach x2  
  104  6:25  Overlord  
  108  6:29  Roach  
  108  6:32  Roach  
  110  6:44  Roach x2  
  110  6:45  Roach  
  112  6:47  Roach  
  112  6:48  Roach x2  
  112  6:49  Roach  
  112  6:50  Roach x2  
  112  6:52  Roach  
  114  6:58  Roach x2  
  112  7:06  Roach  
  112  7:07  Roach  
  112  7:14  Roach  
  110  7:16  Roach  
Tags
 
Add a new tag
Caveats
  • Supply blocks, unpowered buildings, or Contaminate may cause inaccurate times.
  • Supply counts are checked every 10 seconds.